 Dungeon Crawl Stone Soup version 0.16-a0-4002-g2d13b8e (webtiles) character file.

15107 Chiseanne the Eclecticist (level 11, -7/47 HPs)
             Began as a Spriggan Fire Elementalist on Feb 14, 2015.
             Was an Elder of Vehumet.
             Engulfed by a cloud of flame (21 damage)
             ... on level 4 of the Lair of Beasts.
             The game lasted 01:11:47 (15176 turns).

Chiseanne the Eclecticist (SpFE)                   Turns: 15176, Time: 01:11:47

Health: -7/47      AC: 10    Str:  4    XL:     11   Next: 97%
Magic:  5/36       EV: 19    Int: 23    God:    Vehumet [****..]
Gold:   842        SH:  0    Dex: 18    Spells: 8 memorised, 15 levels left

rFire  . . .     SeeInvis +     a - +5 short sword (speed)
rCold  . . .     Clarity  .     o - +3 troll leather armour {Purgy}
rNeg   . . .     SustAb   .     (shield restricted)
rPois  .         Gourm    .     N - +1 hat
rElec  .         Spirit   .     A - +0 cloak
rCorr  .         Warding  .     (gloves unavailable)
rMut   .         Stasis   .     (boots unavailable)
MR     +....                    I - amulet of faith
Stlth  +++.......               e - +4 ring of intelligence
                                q - ring of wizardry

@: very quick, somewhat resistant to hostile enchantments, fairly stealthy
A: unfitting armour, see invisible, herbivore 3, speed 3, slow metabolism 2
a: Renounce Religion


You were on level 4 of the Lair of Beasts.
You worshipped Vehumet.
Vehumet was greatly pleased with you.
You were not hungry.

You visited 3 branches of the dungeon, and saw 14 of its levels.
You also visited: Sewer.

You collected 905 gold pieces.
You spent 63 gold pieces at shops.

Inventory:

Hand weapons
 a - a +5 short sword of speed (weapon)
 d - a +0 dagger of holy wrath
 s - a +1 dagger of venom
 w - a +2 hunting sling of freezing
 C - a +0 blowgun
Missiles
 r - 36 poisoned needles
 t - 5 curare-tipped needles
 F - 89 sling bullets
Armour
 o - a +3 troll leather armour (worn) {Purgy}
 A - a +0 cloak (worn)
 N - a +1 hat (worn)
Jewellery
 e - a +4 ring of intelligence (right hand)
 m - an uncursed ring of protection from fire
 q - a ring of wizardry (left hand)
 I - an amulet of faith (around neck)
 J - an uncursed ring of protection from cold
Magical devices
 b - a wand of lightning (4)
 g - a wand of digging (3)
 E - a wand of heal wounds (3)
Scrolls
 j - a scroll of fog
 k - 3 scrolls of teleportation
 v - 5 scrolls of remove curse
 G - a scroll of magic mapping
 H - a scroll of amnesia
Potions
 f - a potion of berserk rage
 h - 4 potions of restore abilities
 i - 5 potions of curing
 l - 3 potions of haste
 n - a potion of ambrosia {unknown}
 p - a potion of magic
 u - a potion of flight
 x - a potion of resistance
 y - 3 potions of might
Miscellaneous
 B - a fan of gales
Comestibles
 c - 11 bread rations
 z - a royal jelly


   Skills:
 * Level 5.0 Armour
 - Level 5.4 Dodging
 - Level 3.0 Stealth
 * Level 15.5 Spellcasting
 * Level 8.3 Conjurations
 - Level 5.0 Fire Magic


You had 15 spell levels left.
You knew the following spells:

 Your Spells              Type           Power        Failure   Level  Hunger
a - Flame Tongue          Conj/Fire      #####        1%          1    None
b - Magic Dart            Conj           ####         1%          1    None
c - Throw Icicle          Conj/Ice       #####...     1%          4    None
d - Fireball              Conj/Fire      #####.....   1%          5    ##.....
e - Conjure Flame         Conj/Fire      #####...     1%          3    None
f - Inner Flame           Hex/Fire       ####....     1%          3    None
g - Stone Arrow           Conj/Erth      #####.       1%          3    None
h - Iron Shot             Conj/Erth      #####.....   30%         6    ####...


Dungeon Overview and Level Annotations

Branches:
Dungeon (9/15)             Temple (1/1) D:4            Lair (4/8) D:9
 Spider (0/5) Lair:3          Orc (0/4) D:9
  Swamp: Lair:3-6    Shoals: Lair:3-6

Altars:
Cheibriados
Dithmenos
Kikubaaqudgha
Makhleb
Nemelex Xobeh
Qazlal
Ru
Sif Muna
Trog
Vehumet
Yredelemnul
Zin
The Shining One

Shops:
D:5 (

Annotations:
D:4 Econoterrorist's ghost, average KoBe
D:9 Tarquin's ghost, experienced DsMo


Innate Abilities, Weirdness & Mutations

You are tiny and cannot use many weapons and most armour.
You have supernaturally acute eyesight.
You are a herbivore.
You cover ground extremely quickly.
You need consume almost no food.


Message History

Press: ? - help, Shift-Dir - straight line, f/p - sheep
Aim: a sheep (inner flame)
The shard of ice hits the sheep.
The sheep is almost dead.
Casting: Throw Icicle
Confirm with . or Enter, or press ? or * to list all spells.
Aiming: Flame Tongue
Press: ? - help, Shift-Dir - straight line, f/p - sheep
Aim: a sheep (almost dead, inner flame)
The flame tongue hits the sheep.
The sheep explodes!
The fiery explosion engulfs the sheep.
You kill the sheep!
Vehumet accepts your kill.
You feel your power returning. The fiery explosion engulfs you!
Ouch! That really hurt!
* * * LOW HITPOINT WARNING * * *
Vehumet accepts your kill.
You feel your power returning.
You are engulfed in roaring flames.
You die...

....Y..........#
#..........#
###...##..## ...
#....Y.....#
....##...YY.....# ≈.
...P######.....## ≈#
#...P#.###§.P..# ≈ ≈
#........§§....# .≈.
#.#........§@§...#
#≈.#.#..............#
#≈.................###
#≈...<.............#.#
.≈≈....§..............##
.........F.............#
.......§....##.##....###
#.P.#.#.....#..#.#...P#
....##.....#.......>.#


You could see 3 sheep.

Vanquished Creatures
  Gastronok (D:9)
  A hydra (Lair:1)
  Nergalle (Lair:2)
  The ghost of nubinia the Destroyer, an experienced GrVM of Sif Muna (Lair:1)
  A griffon (Lair:2)
  A black mamba (Lair:2)
  A spiny frog (Lair:1)
  5 komodo dragons
  4 blink frogs
  2 trolls (D:9)
  Grinder (D:6)
  A basilisk (Lair:3)
  A spriggan (D:7)
  8 yaks
  2 wyverns
  4 hippogriffs (Lair:1)
  7 water moccasins
  4 ice beasts
  3 porcupines
  2 sky beasts
  Purgy (Sewer)
  A black bear (Lair:2)
  10 ogres
  A necrophage (D:7)
  4 boring beetles (D:9)
  A centaur (D:7)
  Sigmund (D:5)
  Duvessa (D:5)
  3 crocodiles
  A wyvern zombie (D:6)
  8 giant frogs
  7 killer bees
  A scorpion (D:5)
  2 water moccasin skeletons
  Dowan (D:5)
  A centaur zombie (D:5)
  3 goliath beetles
  2 orc priests (D:5)
  A giant frog zombie (D:8)
  2 quasits
  4 hounds
  A centaur skeleton (D:8)
  3 crimson imps
  3 jellies
  A giant frog skeleton (D:8)
  9 worker ants
  7 iguanas
  2 orc wizards (D:9)
  Natasha (thrice) (D:4)
  10 sheep
  A hound skeleton (D:9)
  Terence (D:2)
  6 river rats (Lair:1)
  4 gnolls (D:6)
  12 adders
  3 shadow imps
  2 worms (D:3)
  2 adder skeletons
  An ooze (D:5)
  20 orcs
  13 bats
  5 giant cockroaches
  10 hobgoblins
  5 jackals (D:1)
  8 quokkas
  6 ball pythons
  3 giant geckos
  7 giant newts
  A giant spore (D:8)
  11 goblins
  11 kobolds
  A quokka zombie (D:5)
  25 rats
  8 ballistomycetes (D:8)
  3 fungi (Lair:1)
  A plant (D:9)
316 creatures vanquished.

Vanquished Creatures (others)
  A giant gecko (D:8)
  A giant spore (D:8)
  A plant (D:9)
3 creatures vanquished.

Grand Total: 319 creatures vanquished

Notes
Turn   | Place    | Note
--------------------------------------------------------------
     0 | D:1      | Chiseanne, the Spriggan Fire Elementalist, began the quest for the Orb.
     0 | D:1      | Reached XP level 1. HP: 9/9 MP: 4/4
   273 | D:1      | Reached XP level 2. HP: 13/13 MP: 7/7
   302 | D:1      | Learned a level 2 spell: Throw Flame
   687 | D:1      | Reached skill level 1 in Conjurations
   855 | D:2      | Reached skill level 4 in Dodging
   869 | D:2      | Reached XP level 3. HP: 14/16 MP: 9/11
  1113 | D:2      | Noticed Terence
  1177 | D:2      | Killed Terence
  1510 | D:3      | Found a glowing drain.
  1516 | D:3      | Found a burning altar of Makhleb.
  1517 | D:3      | Found a shadowy altar of Dithmenos.
  1518 | D:3      | Found a sparkling altar of Nemelex Xobeh.
  1520 | D:3      | Found an ancient bone altar of Kikubaaqudgha.
  1521 | D:3      | Found a bloodstained altar of Trog.
  1522 | D:3      | Found a deep blue altar of Sif Muna.
  1524 | D:3      | Found a basalt altar of Yredelemnul.
  1572 | D:3      | Reached XP level 4. HP: 21/21 MP: 2/15
  1779 | Sewer    | Entered a sewer
  1844 | Sewer    | Noticed Purgy
  1851 | Sewer    | Killed Purgy
  1851 | Sewer    | Reached skill level 5 in Dodging
  1851 | Sewer    | Reached XP level 5. HP: 20/24 MP: 9/18
  1901 | Sewer    | Learned a level 3 spell: Conjure Flame
  1905 | Sewer    | Learned a level 3 spell: Inner Flame
  2671 | D:4      | Noticed Econoterrorist's ghost (average KoBe)
  2729 | D:3      | Reached skill level 5 in Spellcasting
  2988 | D:4      | Noticed Natasha
  3020 | D:3      | Learned a level 5 spell: Fireball
  3282 | D:4      | Found a staircase to the Ecumenical Temple.
  3326 | D:4      | Killed Natasha
  3326 | D:4      | Reached XP level 6. HP: 22/28 MP: 14/21
  3404 | D:4      | Noticed Natasha
  3409 | D:4      | Killed Natasha
  3439 | D:4      | Noticed Natasha
  3446 | D:4      | Killed Natasha
  3643 | Temple   | Entered the Ecumenical Temple
  3650 | Temple   | Became a worshipper of Vehumet
  3700 | D:5      | Entered Level 5 of the Dungeon
  3724 | D:5      | Found Bobrolyfau's Antique Weapon Emporium.
  3743 | D:5      | Noticed Sigmund
  3766 | D:5      | Bought a glowing short sword for 63 gold pieces
  3883 | D:5      | Reached skill level 1 in Armour
  3883 | D:5      | Reached skill level 6 in Spellcasting
  4000 | D:5      | Noticed a wyvern
  4014 | D:5      | Killed a wyvern
  4014 | D:5      | Reached XP level 7. HP: 32/32 MP: 10/24
  4171 | D:5      | Reached skill level 7 in Spellcasting
  4599 | D:5      | Killed Sigmund
  4699 | D:5      | Reached XP level 8. HP: 13/36 MP: 17/27
  5034 | D:5      | Found a stormy altar of Qazlal.
  5034 | D:5      | Noticed a water elemental
  5039 | D:5      | Noticed an air elemental
  5039 | D:5      | Noticed a fire elemental
  5053 | D:5      | Noticed Duvessa
  5053 | D:5      | Noticed Dowan
  5062 | D:5      | Killed Duvessa
  5062 | D:5      | Acquired Vehumet's first power
  5062 | D:5      | Offered knowledge of Freeze by Vehumet.
  5062 | D:5      | Reached skill level 8 in Spellcasting
  5068 | D:5      | Killed Dowan
  5276 | D:6      | Noticed Grinder
  5301 | D:6      | Killed Grinder
  5451 | D:6      | Reached skill level 9 in Spellcasting
  5718 | D:6      | Reached skill level 5 in Fire Magic
  6724 | D:7      | Reached skill level 10 in Spellcasting
  6792 | D:7      | Reached XP level 9. HP: 39/39 MP: 22/30
  7466 | D:7      | Offered knowledge of Magic Dart by Vehumet.
  7589 | D:7      | Learned a level 1 spell: Magic Dart
  7797 | D:7      | Reached skill level 11 in Spellcasting
  8252 | D:8      | Offered knowledge of Stone Arrow by Vehumet.
  8257 | D:8      | Learned a level 3 spell: Stone Arrow
  8945 | D:8      | Acquired Vehumet's second power
  9105 | D:9      | Noticed Tarquin's ghost (experienced DsMo)
  9391 | D:9      | Reached skill level 12 in Spellcasting
  9472 | D:9      | Offered knowledge of Static Discharge by Vehumet.
  9534 | D:9      | Reached XP level 10. HP: 44/44 MP: 29/32
  9535 | D:9      | Found a staircase to the Orcish Mines.
  9863 | D:9      | Reached skill level 5 in Conjurations
 10209 | D:9      | Found a staircase to the Lair.
 10309 | D:9      | Acquired Vehumet's third power
 10472 | D:9      | Noticed Gastronok
 10486 | D:9      | Killed Gastronok
 10486 | D:9      | Reached skill level 13 in Spellcasting
 11477 | Lair:1   | Entered Level 1 of the Lair of Beasts
 11575 | Lair:1   | Offered knowledge of Throw Icicle by Vehumet.
 11594 | Lair:1   | Learned a level 4 spell: Throw Icicle
 11850 | Lair:1   | Noticed nubinia's ghost (experienced GrVM)
 11869 | Lair:1   | Killed nubinia's ghost
 11992 | Lair:1   | Reached XP level 11. HP: 47/47 MP: 29/35
 12207 | Lair:1   | Noticed a seven-headed hydra
 12221 | Lair:1   | Reached skill level 14 in Spellcasting
 12234 | Lair:1   | Killed a seven-headed hydra
 12876 | Lair:2   | Noticed Nergalle
 13183 | Lair:2   | Found a glowing silver altar of Zin.
 13208 | Lair:2   | Offered knowledge of Iron Shot by Vehumet.
 13216 | Lair:2   | Learned a level 6 spell: Iron Shot
 13582 | Lair:2   | Reached skill level 15 in Spellcasting
 14011 | Lair:2   | Killed Nergalle
 14202 | Lair:3   | Found a hole to the Spider Nest.
 14540 | Lair:3   | Reached skill level 5 in Armour
 15176 | Lair:4   | Engulfed by a cloud of flame

Action                   |  1- 3 |  4- 6 |  7- 9 | 10-12 || total
-------------------------+-------+-------+-------+-------++-------
Melee: Spear             |    60 |    34 |       |       ||    94
       Whip              |       |    87 |     3 |       ||    90
       Short sword       |       |     3 |    83 |    50 ||   136
       Dagger            |       |       |       |     5 ||     5
 Fire: Blowgun           |       |       |     5 |       ||     5
 Cast: Flame Tongue      |    46 |    90 |   279 |   283 ||   698
       Conjure Flame     |       |     2 |    25 |    23 ||    50
       Throw Flame       |       |     1 |    37 |       ||    38
       Inner Flame       |       |       |    13 |     8 ||    21
       Magic Dart        |       |       |    34 |    72 ||   106
       Fireball          |       |       |     1 |     6 ||     7
       Stone Arrow       |       |       |     1 |       ||     1
       Throw Icicle      |       |       |       |    94 ||    94
Evoke: Wand              |       |     1 |     3 |     3 ||     7
  Use: Scroll            |     4 |    11 |     9 |     8 ||    32
       Potion            |       |     1 |     3 |     1 ||     5
 Stab: Sleeping          |     7 |     4 |     1 |     1 ||    13
  Eat: Fruit             |       |     5 |       |     2 ||     7
       Pizza             |       |     1 |     1 |     1 ||     3
       Royal jelly       |       |       |       |     1 ||     1
